AoeStats
← ImpReSRa

Arena

511141485Analyzed
4v4 RM · 17d ago on Oct 3, 2026· 63m 44s· 8 players
Game mode
Random Map
Map size
Large (8 player)
Population
200
Speed
Normal
Resources
Standard
Victory
Conquest
Starting age
Dark Age
Ending age
Imperial Age
RankedLock teamsTeams togetherTeam positionsShared explorationLock speedFull tech treeHidden civsTurbo modeCheats
Victory
Defeat
🇹🇷 Turks · Türkiye
920
+15
🇹🇷 Danes · Türkiye
888
+16
🇹🇷 Inca · Türkiye
884
+17
🇹🇷 Britons · Türkiye
797
+20
vs
🇲🇽 Bohemians · Mexico
937
-19
🇲🇽 Persians · Mexico
935
-19
🇲🇽 Magyars · Mexico
881
-16
🇸🇪 Burgundians · Sweden
827
-14
SaintRichie
2:00 Loom
10:50 Feudal Age
11:56 Double-Bit Axe
13:01 Horse Collar
13:14 Gold Mining
17:37 Castle Age
16:19 Stone Mining
17:56 Forging
17:47 Padded Archer Armor
27:12 Wheelbarrow
29:48 Town Watch
31:03 Gold Shaft Mining
29:58 Man-at-Arms
31:33 Bow Saw
31:21 Pikeman
31:47 Gambesons
32:02 Squires
31:48 Arson
33:06 Heavy Plow
33:23 Hand Cart
33:53 Fletching
34:18 Leather Archer Armor
34:03 Scale Mail Armor
35:02 Bodkin Arrow
35:43 Iron Casting
39:25 Imperial Age
38:09 Chain Mail Armor
38:00 Scale Barding Armor
38:34 Stone Shaft Mining
38:17 Town Patrol
38:05 Long Swordsman
38:42 Hamask
41:10 Hoardings
40:38 Halberdier
40:41 Elite Skirmisher
42:29 Plate Mail Armor
43:00 Blast Furnace
42:01 Bracer
42:31 Ring Archer Armor
43:05 Thumb Ring
42:22 Northmen's Fury
44:02 Conscription
44:44 Crossbowman
45:40 Cranequins
50:54 Ballistics
52:24 Chemistry
53:58 Elite Varangian Guard
59:57 Elite Jomsviking
61:13 Heavy Mounted Crossbowman
Raikage
11:40 Feudal Age
16:36 Castle Age
16:00 Double-Bit Axe
22:41 Imperial Age
25:26 Wheelbarrow
25:19 Gold Mining
26:54 Padded Archer Armor
27:15 Bow Saw
32:14 Leather Archer Armor
32:51 Hand Cart
33:22 Gold Shaft Mining
32:32 Horse Collar
33:37 Loom
36:58 Ring Archer Armor
39:27 Fortified Wall
39:47 Ballistics
39:38 Fortified Wall
46:27 Two-Man Saw
45:47 Stone Mining
48:24 Heavy Plow
49:00 Conscription
49:39 Masonry
51:40 Elite Janissary
53:15 Architecture
52:34 Treadmill Crane
PUNISHER
3:24 Loom
13:59 Feudal Age
16:07 Double-Bit Axe
16:14 Horse Collar
18:25 Wheelbarrow
19:57 Arson
21:24 Padded Archer Armor
21:15 Fletching
21:27 Scale Mail Armor
26:43 Castle Age
25:54 Gold Mining
26:30 Stone Mining
26:54 Crossbowman
27:39 Squires
28:14 Pikeman
28:53 Bodkin Arrow
32:27 Leather Archer Armor
32:23 Forging
32:57 Yeomen
36:53 Treadmill Crane
37:24 Fortified Wall
37:25 Masonry
37:13 Murder Holes
41:44 Bow Saw
47:37 Imperial Age
48:21 Caravan
48:56 Conscription
48:27 Elite Longbowman
50:23 Iron Casting
50:53 Halberdier
55:15 Ring Archer Armor
54:47 Bracer
55:41 Cranequins
60:57 Hoardings
63:23 Warwolf
Tycho
1:05 Loom
12:52 Feudal Age
15:55 Double-Bit Axe
15:55 Horse Collar
16:25 Gold Mining
17:50 Wheelbarrow
17:42 Champi Runner
21:14 Town Watch
23:57 Forging
23:48 Scale Mail Armor
23:38 Fletching
23:48 Padded Archer Armor
26:51 Castle Age
26:30 Stone Mining
27:41 Heavy Plow
27:54 Bow Saw
28:45 Caravan
29:47 Hand Cart
29:51 Heavy Plow
29:31 Elite Skirmisher
31:02 Squires
30:25 Pikeman
31:39 Treadmill Crane
32:20 Ballistics
32:17 Arson
31:56 Champi Warrior
34:20 Iron Casting
33:41 Bodkin Arrow
34:02 Chain Mail Armor
34:02 Leather Archer Armor
34:30 Gold Shaft Mining
34:35 Stone Shaft Mining
40:10 Andean Sling
46:23 Imperial Age
45:11 Town Patrol
45:14 Murder Holes
45:30 Fortified Wall
46:34 Masonry
45:56 Crossbowman
46:43 Thumb Ring
48:18 Chemistry
46:55 Halberdier
48:07 Conscription
49:42 Blast Furnace
49:12 Plate Mail Armor
49:13 Ring Archer Armor
48:49 Elite Kamayuk
51:25 Fabric Shields
51:11 Onager
52:45 Bracer
52:33 Arrowslits
62:43 Capped Ram
Hamza Khan
0:29 Loom
9:12 Double-Bit Axe
11:50 Feudal Age
12:43 Wheelbarrow
12:09 Horse Collar
13:03 Bow Saw
13:52 Heavy Plow
15:28 Hand Cart
20:15 Castle Age
18:17 Stone Mining
18:33 Gold Mining
19:41 Stone Shaft Mining
19:57 Gold Shaft Mining
21:14 Pikeman
23:08 Squires
22:54 Arson
25:46 Two-Man Saw
28:37 Crop Rotation
32:48 Imperial Age
32:03 Elite Skirmisher
33:24 Halberdier
35:29 Halberdier
36:15 Town Watch
37:15 Padded Archer Armor
37:09 Fletching
40:12 Conscription
40:59 Chemistry
41:10 Forging
41:00 Bodkin Arrow
43:11 Fortified Wall
45:33 Leather Archer Armor
49:49 Burgundian Vineyards
50:45 Town Patrol
51:38 Elite Coustillier
57:14 Onager
lalulelilo
10:02 Feudal Age
11:38 Wheelbarrow
15:30 Castle Age
15:03 Double-Bit Axe
15:04 Horse Collar
18:34 Loom
22:39 Bow Saw
25:32 Forging
25:28 Scale Barding Armor
26:46 Heavy Plow
27:54 Bloodlines
28:02 Gold Mining
35:57 Imperial Age
34:25 Iron Casting
35:13 Chain Barding Armor
35:25 Husbandry
35:41 Cavalier
35:58 Heavy Scorpion
38:07 Plate Barding Armor
39:19 Conscription
39:02 Fletching
40:41 Light Cavalry
41:21 Bodkin Arrow
42:24 Hussar
44:44 Kamandaran
44:47 Padded Archer Armor
46:20 Blast Furnace
46:25 Chemistry
45:49 Ballistics
46:20 Citadels
46:27 Masonry
46:43 Leather Archer Armor
45:53 Crossbowman
46:40 Thumb Ring
47:44 Gold Shaft Mining
49:29 Ring Archer Armor
54:57 Two-Man Saw
54:30 Crop Rotation
ImpReSRa
11:11 Feudal Age
12:23 Double-Bit Axe
15:23 Gold Mining
18:59 Castle Age
18:27 Wheelbarrow
18:24 Horse Collar
18:37 Stone Mining
21:55 Bow Saw
22:15 Scale Barding Armor
24:48 Wheelbarrow
26:11 Hand Cart
28:21 Heavy Plow
32:39 Imperial Age
31:45 Gold Shaft Mining
32:04 Husbandry
32:30 Chain Barding Armor
32:47 Cavalier
40:32 Paladin
50:20 Man-at-Arms
51:08 Long Swordsman
52:28 Plate Barding Armor
51:56 Scale Mail Armor
52:00 Two-Handed Swordsman
52:46 Champion
53:46 Chain Mail Armor
58:48 Pikeman
59:16 Arson
MezcalChief
12:01 Feudal Age
12:55 Double-Bit Axe
17:51 Castle Age
16:24 Horse Collar
16:52 Padded Archer Armor
28:20 Wheelbarrow
30:56 Imperial Age
28:14 Loom
33:46 Town Watch
38:29 Bow Saw
38:29 Heavy Plow
41:40 Two-Man Saw
43:24 Hand Cart
46:24 Town Patrol
50:38 Capped Ram
52:01 Crossbowman
52:13 Elite Skirmisher
58:13 Chemistry
57:34 Ballistics
57:20 Siege Engineers
57:30 Masonry
57:38 Leather Archer Armor
57:13 Fletching
57:30 Scale Barding Armor
57:35 Forging
56:49 Elite Skirmisher
56:53 Cavalier
57:34 Husbandry
56:54 Light Cavalry
Connection lost

Rejoining the realm…

Still unreachable

The connection could not be restored.

Session expired

The server has moved on; the page needs a fresh start.